 Dungeon Crawl Stone Soup version 0.30-a0-600-gb7c8574cbb (webtiles) character file.

Game seed: 613154730788628259

5256 M4edhros the Covert (level 10, -4/68 HPs)
             Began as an Octopode Artificer on Jan 7, 2023.
             Slain by a centaur
             ... wielding a +0 flail
              (11 damage)
             ... on level 9 of the Dungeon.
             The game lasted 00:13:41 (8472 turns).

M4edhros the Covert (Octopode Artificer)            Turns: 8472, Time: 00:13:41

Health: -4/68      AC:  0    Str: 11    XL:     10   Next: 62%
Magic:  10/10      EV: 25    Int: 14    God:
Gold:   4          SH:  0    Dex: 22    Spells: 5/10 levels left

rFire   . . .      SeeInvis .      - Unarmed
rCold   . . .      Faith    .    (shield currently unavailable)
rNeg    . . .      Spirit   .    (helmet currently unavailable)
rPois   .          Reflect  .    (no amulet)
rElec   .          Harm     .    (ring currently unavailable)
rCorr   .          Rampage  .    (ring currently unavailable)
Will    .....                    (ring currently unavailable)
Stlth   ++++                     (ring currently unavailable)
HPRegen 0.31/turn                (ring currently unavailable)
MPRegen 0.12/turn                (ring currently unavailable)
                                 (ring currently unavailable)
                                 (ring currently unavailable)

@: lethally poisoned (-4 -> -5), bat-form, flying, very quick
A: fast, flying, no casting, almost no armour, (amphibious), (8 rings), tiny,
(camouflage 1), (gelatinous body 1), (nimble swimmer 1), (tentacles)
a: no special abilities


You were on level 9 of the Dungeon.
You were a bat.
You visited 2 branches of the dungeon, and saw 10 of its levels.

You collected 562 gold pieces.
You spent 558 gold pieces at shops.

Inventory:

Hand Weapons
 f - a +2 demon trident of venom (melded)
 l - the +3 hand axe "Udwung" {heavy, Will+}
   (You found it on level 4 of the Dungeon)

   Will:      It increases your willpower.
 n - a +1 mace of protection
 u - a +0 bardiche
Missiles
 k - 2 poisoned darts
Jewellery
 y - a +6 ring of strength (melded)
 C - a ring of see invisible (melded)
Wands
 b - a wand of flame (26) (quivered)
 c - a wand of charming (3)
 v - a wand of roots (5)
 w - a wand of acid (9)
 D - a wand of polymorph (8)
Scrolls
 a - a scroll of magic mapping
 e - 3 scrolls of teleportation
 g - 3 scrolls of noise
 h - 3 scrolls of amnesia
 j - a scroll of fear
 m - a scroll of enchant armour
 q - a scroll of immolation
 t - a scroll of vulnerability
Potions
 d - a potion of berserk rage
 i - 2 potions of invisibility
 o - 3 potions of lignification {unknown}
 p - 4 potions of curing
 r - a potion of heal wounds {unknown}
 x - a potion of brilliance {unknown}
 z - 2 potions of mutation {unknown}
 A - a potion of cancellation
 B - a potion of magic {unknown}
 F - 2 potions of might
 H - a potion of flight {unknown}


   Skills:
 + Level 5.7 Fighting
 - Level 7.3 Maces & Flails
 * Level 0.6 Polearms
 + Level 6.1 Dodging
 - Level 8.0 Stealth
 - Level 2.6 Unarmed Combat
 + Level 0.5 Spellcasting
 + Level 3.1 Conjurations
 + Level 3.7 Air Magic
 + Level 4.4 Poison Magic
 + Level 7.1 Evocations


You had 5 spell levels left.
You knew the following spells:

 Your Spells              Type           Power      Damage    Failure   Level
a - Mephitic Cloud        Conj/Pois/Air  11%        N/A       17%         3
b - Wereblood             Tmut           0%         N/A       38%         2

Your spell library contained the following spells:

 Spells                   Type           Power      Damage    Failure   Level
 Magic Dart               Conj           36%        1d4       8%          1
 Apportation              Tloc           0%         N/A       28%         1
 Call Imp                 Summ           0%         N/A       38%         2
 Sublimation of Blood     Necr           0%         N/A       38%         2
 Frozen Ramparts          Ice            0%         1d1       63%         3
 Gell's Gravitas          Tloc           0%         N/A       63%         3
 Lesser Beckoning         Tloc           0%         N/A       63%         3
 Teleport Other           Tloc           0%         N/A       63%         3
 Ice Form                 Ice/Tmut       0%         N/A       95%         4
 Summon Ice Beast         Ice/Summ       0%         N/A       95%         4
 Freezing Cloud           Conj/Ice/Air   3%         6-21      96%         5
 Alistair's Intoxication  Tmut/Pois      4%         N/A       97%         5
 Simulacrum               Ice/Necr       0%         N/A       100%        6
 Summon Hydra             Summ           0%         N/A       100%        7
 Polar Vortex             Ice            0%         N/A       100%        9


Dungeon Overview and Level Annotations

Branches:
Dungeon (9/15)             Temple (1/1) D:7            Lair (0/5) D:9
    Orc: D:9-12

Altars:
Ashenzari
Elyvilon
Fedhas
Gozag
Hepliaklqana
Kikubaaqudgha
Makhleb
Nemelex Xobeh
Okawaru
Qazlal
Sif Muna
Trog
Vehumet
Yredelemnul
Zin

Shops:
D:9 (


Innate Abilities, Weirdness & Mutations

You are a bat.
You are tiny and dextrous.
You move quickly.
You are flying.
Your equipment is almost entirely melded.
You are incapable of wielding weapons or throwing items.
You cannot cast spells.
You cannot wear most types of armour.
((You are amphibious.))
((You can wear up to eight rings at the same time.))
((Your skin changes colour to match your surroundings (Stealth+).))
((Your rubbery body absorbs attacks. (AC +1, EV +1)))
((You are camouflaged when in or above water. (Stealth+)))
((You have tentacles for arms and can constrict up to eight enemies at once.))


Message History

The killer bee closely misses you. The killer bee barely misses you. x2
The killer bee closely misses you.
You puncture the killer bee!
You kill the killer bee!
The grasping roots constrict the killer bee!
You kill the killer bee!
You feel very sick.
The centaur unwields a +0 flail.
The centaur wields a +0 shortbow.
The centaur shoots an arrow.
The arrow misses you.
You barely miss the centaur. You squeeze the centaur!
The centaur is heavily wounded.
You feel sick.
The centaur unwields a +0 shortbow.
The centaur wields a +0 flail.
The centaur misses you. The centaur kicks you.
You barely miss the centaur. You squeeze the centaur.
The centaur is heavily wounded.
You feel sick.
The centaur barely misses you. x2; The centaur zaps a wand.
You turn into a bat.
Your +2 demon trident of venom melds into your body.
Your +6 ring of strength melds into your body.
Your ring of see invisible melds into your body.
Your +2 demon trident of venom stops dripping with poison.
You feel weaker.
You hit the centaur.
The centaur is heavily wounded.
The centaur completely misses you. The centaur kicks you.
* * * LOW HITPOINT WARNING * * *
You hit the centaur.
The centaur is heavily wounded.
You feel sick. The centaur completely misses you. The centaur kicks you.
* * * LOW HITPOINT WARNING * * *
You hit the centaur.
The centaur is severely wounded.
You feel sick. The centaur barely misses you. The centaur misses you.
The centaur hits you with a +0 flail.
* * * LOW HITPOINT WARNING * * *
The centaur barely misses you.
You hit the centaur.
The centaur is severely wounded.
You feel sick. The centaur hits you with a +0 flail!
You die...

###################**************
..........#.......#,,,,,,,,,,,,,,
..........#.......#,,,,,,,,,,,,,,
.....)....#.......#,,,,,,,,,,,,,,
..........#.......#,,,,,,,,,,,,,,
..........#####...#,,,,,,,,,,,,,,
..........#...#...#****,,,,,,,,,,
..........#.....b.#,,,*,,,,,,,,,,
..........#.....c.#,,,*,,,,,,,,,,
,,........#.......#,,,',,,,,,,,,,
,,............#...#,,,*,,,,,,,,,,
,,............#...#,,,*,,,*,,,,,,
,,...........$#...#,,,*,,,,,,,,,,
,,........#####...#,,,*,,,,,,,,,,
,,........#,,,....#,,,*,,,,,,,,,,
,,........#,,,....',,,*,,,,******


You could see a centaur.

Vanquished Creatures
  A two-headed ogre (D:8)
  3 wyverns
  4 yaks (D:8)
  Edmund (D:4)
  2 water moccasins
  Duvessa (D:6)
  An orc warrior (D:9)
  3 sky beasts
  2 black bears
  2 ogres (D:6)
  A centaur (D:9)
  A phantom (D:6)
  2 bullfrogs
  Blork the orc (D:5)
  A gnoll sergeant (D:5)
  A necrophage (D:4)
  3 scorpions (D:5)
  11 wights
  Dowan (D:6)
  3 killer bees (D:9)
  3 howler monkeys
  4 hounds
  Crazy Yiuf (D:4)
  2 orc priests
  A jelly (D:6)
  3 orc wizards
  7 iguanas
  Robin (D:3)
  3 gnolls (D:5)
  3 adders
  3 shadow imps
  An ufetubus (D:4)
  A worm (D:2)
  13 dart slugs
  12 orcs
  10 endoplasms
  3 giant cockroaches
  16 goblins
  9 hobgoblins
  6 jackals
  4 quokkas
  4 ball pythons
  2 bats
  2 frilled lizards
  10 kobolds
  2 rats
171 creatures vanquished.

Vanquished Creatures (collateral kills)
  An ice beast (D:8)
  A centaur (D:8)
  A scorpion (D:7)
  2 wights
  An orc priest (D:7)
  4 gnolls (D:7)
  5 orcs
15 creatures vanquished.

Vanquished Creatures (others)
  2 yaks (D:8)
  An orc warrior (D:7)
  2 wights
5 creatures vanquished.

Grand Total: 191 creatures vanquished

Notes
Turn   | Place    | Note
-------+----------+-------------------------------------------
     0 | D:1      | M4edhros the Octopode Artificer began the quest for the
                  | Orb.
     0 | D:1      | Reached XP level 1. HP: 13/13 MP: 1/1
   221 | D:2      | Reached XP level 2. HP: 18/18 MP: 2/2
   453 | D:3      | Noticed Robin
   465 | D:2      | Reached skill level 1 in Unarmed Combat
   582 | D:4      | Noticed a necrophage
   585 | D:4      | Reached skill level 2 in Stealth
   592 | D:4      | Killed a necrophage
   593 | D:4      | Reached XP level 3. HP: 12/24 MP: 3/3
   593 | D:4      | Reached XP level 4. HP: 14/29 MP: 4/4
   599 | D:4      | Reached XP level 5. HP: 9/34 MP: 5/5
   603 | D:4      | Reached skill level 3 in Stealth
   782 | D:4      | Identified the +3 hand axe "Udwung" {heavy, Will+}
   788 | D:4      | HP: 1/34 [orc priest/nerve-wracking pain (6)]
   852 | D:5      | Entered Level 5 of the Dungeon
   969 | D:5      | Reached skill level 1 in Maces & Flails
   969 | D:5      | Reached XP level 6. HP: 26/39 MP: 6/6
  1116 | D:4      | Found a runed translucent door.
  1117 | D:4      | Noticed Crazy Yiuf
  1317 | D:4      | Found a stormy altar of Qazlal.
  1351 | D:5      | Noticed a black bear
  1358 | D:5      | Killed a black bear
  1373 | D:5      | Noticed a water moccasin
  1379 | D:5      | Killed a water moccasin
  1380 | D:5      | Reached skill level 4 in Stealth
  1380 | D:5      | Reached XP level 7. HP: 25/45 MP: 7/7
  1793 | D:6      | Reached skill level 5 in Stealth
  1793 | D:6      | Reached skill level 5 in Evocations
  1932 | D:6      | Found a white marble altar of Elyvilon.
  1976 | D:6      | Reached XP level 8. HP: 43/53 MP: 8/8
  2521 | D:5      | Learned a level 3 spell: Mephitic Cloud
  2658 | D:5      | Noticed Blork the orc
  2670 | D:5      | Killed Blork the orc
  2671 | D:5      | Reached skill level 5 in Maces & Flails
  2671 | D:5      | Reached skill level 6 in Stealth
  3175 | D:6      | Noticed Dowan
  3176 | D:6      | Noticed Duvessa
  3182 | D:6      | Killed Dowan
  3183 | D:6      | Reached skill level 1 in Poison Magic
  3185 | D:6      | Killed Duvessa
  3186 | D:6      | Reached skill level 1 in Conjurations
  3186 | D:6      | Reached skill level 1 in Air Magic
  3192 | D:6      | Reached XP level 9. HP: 41/59 MP: 9/9
  3207 | D:6      | Reached skill level 5 in Dodging
  3228 | D:6      | Identified the +0 cloak of Responsibility {*Slow rPois
                  | Dex+3}
  3258 | D:7      | Found a staircase to the Ecumenical Temple.
  3295 | Temple   | Entered the Ecumenical Temple
  3458 | D:3      | Killed Robin
  3753 | D:3      | Identified the +3 short sword of the Thirsty Beds {speed,
                  | rPois rCorr}
  5143 | D:4      | Noticed Edmund
  5154 | D:4      | Killed Edmund
  5636 | D:4      | Killed Crazy Yiuf
  5916 | D:7      | Found a radiant altar of Vehumet.
  6044 | D:7      | Learned a level 2 spell: Wereblood
  6232 | D:7      | Reached skill level 7 in Stealth
  6901 | D:8      | Reached skill level 5 in Fighting
  7325 | D:8      | Noticed a two-headed ogre
  7332 | D:8      | Killed a two-headed ogre
  7333 | D:8      | Reached XP level 10. HP: 66/66 MP: 10/10
  7925 | D:9      | Reached skill level 8 in Stealth
  8279 | D:9      | Found Jysakorr's Antique Weapon Emporium.
  8293 | D:9      | Bought a glowing demon trident for 558 gold pieces
  8295 | D:9      | Noticed a death yak
  8297 | D:9      | Found a staircase to the Lair.
  8297 | D:9      | Noticed a death yak
  8299 | D:9      | Noticed a death yak
  8356 | D:9      | Noticed an unseen horror
  8472 | D:9      | Slain by a centaur

Illustrated notes

Levels and vault maps discovered:
D:1:      ebering_hopf_link, layout_loops_ring, chequers_garden
D:2:      layout_loops_ring
D:3:      kennysheep_slugbush, layout_basic, uniq_robin
D:4:      layout_basic, mainiacjoe_overflow_paths, serial_bayou_pond_d,
          uniq_edmund, uniq_crazy_yiuf_cottage
D:5:      layout_cave_pods, uniq_blork_the_orc
D:6:      layout_cave_pods, old_standard_altar, hangedman_decor_peaks_small,
          uniq_duvessa
D:7:      layout_loops_ring, vehumet_altar_wand_db, minmay_temple_entry_trees,
          nicolae_concentric_dashed_squares_wild
D:8:      layout_basic, nicolae_figureground_pulse
D:9:      layout_grid_maze, dpeg_lair_monsters, serial_shops, shop,
          minmay_orc_keep
Temple:   minmay_temple_bridge_abc

Skill      XL: |  1  2  3  4  5  6  7  8  9 10 |
---------------+-------------------------------+-----
Unarmed Combat | 2 |  2.6
Stealth        | 2 3 4 5 6 7 8 |  8.0
Evocations     | 4 5 6 7 |  7.1
Fighting       | 2 3 4 5 |  5.7
Dodging        | 3 4 5 6 |  6.1
Maces & Flails | 1 2 4 5 6 7 |  7.3
Poison Magic   | 1 3 4 |  4.4
Conjurations   | 1 3 |  3.1
Air Magic      | 1 3 |  3.7
Polearms       | |  0.6
Spellcasting   | |  0.5

Action                   |  1- 3 |  4- 6 |  7- 9 | 10-12 || total
-------------------------+-------+-------+-------+-------++-------
Melee: Unarmed           |    37 |     9 |       |     4 ||    50
       Tentacles         |    12 |    15 |    78 |    34 ||   139
       Constrict         |     6 |    11 |    65 |    15 ||    97
       Mace              |       |    33 |   298 |    71 ||   402
       Punch             |       |       |    12 |     2 ||    14
       Demon trident     |       |       |       |    11 ||    11
 Cast: Mephitic Cloud    |       |       |       |     4 ||     4
Evoke: Wand              |     2 |     6 |    19 |     8 ||    35
  Use: Potion            |       |       |     4 |     2 ||     6
       Scroll            |       |       |       |    16 ||    16
 Stab: Sleeping          |     3 |     7 |    39 |     3 ||    52
       Confused          |       |       |       |     4 ||     4
       Distracted        |       |       |       |     1 ||     1
Armor: Skin              |     1 |    13 |    56 |    13 ||    83
Dodge: Dodged            |    19 |    35 |   197 |    90 ||   341

Table legend: (Time is in decaauts)
 A = Elapsed time spent in this place.
 B = Non-inter-level travel time spent in this place.
 C = Inter-level travel time spent in this place.
 D = Time resting spent in this place.
 E = Time spent auto-exploring this place.
 F = Levels seen in this place.
 G = Mean time per level.
                   A        B        C        D        E       F      G
               +--------+--------+--------+--------+--------+-----+--------+
         Total |   8542 |   7922 |    620 |    232 |   5473 |  10 |  854.2 |
       Dungeon |   8493 |   7891 |    602 |    232 |   5473 |   9 |  943.7 |
        Temple |     49 |     31 |     18 |      0 |      0 |   1 |   49.0 |
               +--------+--------+--------+--------+--------+-----+--------+

Top non-repeatable levels by time:
     D:4: 1386 daAuts
     D:6: 1322 daAuts
     D:5: 1075 daAuts
     D:8: 1065 daAuts
     D:7: 985 daAuts
     D:2: 775 daAuts
     D:3: 723 daAuts
     D:1: 585 daAuts
     D:9: 573 daAuts
  Temple: 49 daAuts
